 Dungeon Crawl Stone Soup version 0.20.0-10-g0535bb4 (webtiles) character file.

203 Kosschaser the Shield-Bearer (level 5, -6/32 HPs)
             Began as a Gargoyle Fighter on June 6, 2017.
             Killed by divine providence
             ... invoked by an orc priest
              (10 damage)
             ... on level 3 of the Dungeon.
             The game lasted 00:08:24 (2598 turns).

Kosschaser the Shield-Bearer (Gargoyle Fighter)     Turns: 2598, Time: 00:08:25

Health: -6/32      AC: 12    Str: 21    XL:     5   Next: 81%
Magic:  5/5        EV:  8    Int:  8    God:
Gold:   103        SH:  9    Dex:  9    Spells: 4/4 levels left

rFire    . . .     SeeInvis .   a - +0 flail
rCold    . . .     Gourm    .   c - +0 shield
rNeg     + . .     Faith    .   b - +0 scale mail
rPois    ∞         Spirit   .   (no helmet)
rElec    +         Reflect  .   (no cloak)
rCorr    .         Harm     .   g - +0 pair of gloves
MR       .....                  (no boots)
Stlth    ..........             (no amulet)
Regen    0.1/turn               (no ring)
MPRegen  0.1/turn               (no ring)

@: no status effects
A: negative energy resistance 1, electricity resistance, unbreathing,
petrification resistance, rot immunity, AC +4
a: no special abilities


You were on level 3 of the Dungeon.
You were not hungry.

You visited 1 branch of the dungeon, and saw 3 of its levels.

You collected 103 gold pieces.

Inventory:

Hand Weapons
 a - a +0 flail (weapon)
Armour
 b - a +0 scale mail (worn)
 c - a +0 shield (worn)
 g - a +0 pair of gloves (worn)
 h - a +0 large shield
Jewellery
 o - a cursed amulet of inaccuracy {unknown}
 p - an uncursed amulet of guardian spirit {unknown}
Scrolls
 e - 2 scrolls of identify
 k - a scroll of fog {unknown}
 q - a scroll of teleportation
Potions
 d - a potion of might
 j - 3 potions of mutation {unknown}
 n - a potion of flight {unknown}
Comestibles
 f - 2 bread rations
 i - 3 meat rations
 l - 2 royal jellies


   Skills:
 + Level 3.5 Fighting
 + Level 3.1 Maces & Flails
 + Level 4.2 Armour
 * Level 1.5 Dodging
 + Level 4.9 Shields


You had 4 spell levels left.
You didn't know any spells.

Dungeon Overview and Level Annotations

Branches:
Dungeon (3/15)

Altars:


Innate Abilities, Weirdness & Mutations

You are resistant to torment.
Your stone body is resilient. (AC +4)
You are immune to poison.
You resist negative energy. (rN+)
You are resistant to electric shocks. (rElec)
You can survive without breathing.
You are immune to petrification.
You are immune to rotting.


Message History

The orc priest calls down the wrath of Beogh upon you.
Pain shoots through your body!
There is a stone staircase leading up here.
The orc priest looks encouraged for a moment.
The orc priest barely misses you.
You sock the orc priest!
The orc priest is heavily wounded.
The orc priest hits you with a trident.
The orc priest invokes the aid of Beogh against you.
Beogh smites you!
You hit the orc priest.
The orc priest is almost dead.
The orc priest calls down the wrath of Beogh upon you.
Pain shoots through your body!
* * * LOW HITPOINT WARNING * * *
Your shield prevents you from hitting the orc priest.
The orc priest is almost dead.
The orc priest invokes the aid of Beogh against you.
Beogh smites you!
You die...

.#####.............#......
#......#......<......
#......#......#.....#
####.######.............
.......................#
......†<# #........####
........# #........####
........# #............
.......@########.##.....
..[....o...## #.##.....
........##..####....##.#
#####.............### .#
...########.#..## . ####
#.....# . ###.)....##
##..##... #..# ##.


You could see an orc priest.

Vanquished Creatures
  An orc wizard (D:3)
  An orc priest (D:3)
  5 adders (D:2)
  3 oozes
  2 worms
  3 dart slugs (D:1)
  9 orcs
  9 bats
  3 giant cockroaches
  7 goblins
  5 hobgoblins
  7 kobolds
  3 quokkas (D:3)
  5 ball pythons
  3 frilled lizards (D:2)
  5 rats
71 creatures vanquished.

Notes
Turn   | Place    | Note
-------+----------+-------------------------------------------
     0 | D:1      | Kosschaser the Gargoyle Fighter began the quest for the Orb.
     0 | D:1      | Reached XP level 1. HP: 14/14 MP: 1/1
   210 | D:1      | Reached XP level 2. HP: 15/19 MP: 2/2
   438 | D:1      | Reached XP level 3. HP: 18/23 MP: 3/3
   908 | D:2      | Reached XP level 4. HP: 25/28 MP: 4/4
  1845 | D:3      | Reached skill level 1 in Dodging
  1845 | D:3      | Reached XP level 5. HP: 6/32 MP: 5/5
  2598 | D:3      | Killed from afar by an orc priest

Skill      XL: |  1  2  3  4  5 |
---------------+----------------+-----
Shields        | 4 |  4.9
Maces & Flails | 3 |  3.1
Dodging        | 1 |  1.5
Armour         | 4 |  4.2
Fighting       | |  3.5

Action                   |  1- 3 |  4- 6 || total
-------------------------+-------+-------++-------
Melee: Flail             |   127 |   191 ||   318
  Use: Scroll            |       |     2 ||     2
  Eat: Chunk             |       |     6 ||     6
Armor: Scale mail        |    94 |   158 ||   252
Dodge: Dodged            |    56 |    86 ||   142
Block: Shield            |    90 |   139 ||   229
